 Dungeon Crawl Stone Soup version 0.18.1-50-g88ac8fd (webtiles) character file.

65 Halspawn the Firebug (level 3, -14/21 HPs)
             Began as a High Elf Fire Elementalist on Feb 4, 2017.
             Killed from afar by a giant cockroach (35 damage)
             ... with an exploding inner flame
             ... hexed by the player character
             ... on level 3 of the Dungeon on Feb 5, 2017.
             The game lasted 00:52:43 (2312 turns).

Halspawn the Firebug (High Elf Fire Elementalist)   Turns: 2312, Time: 00:52:44

Health: -14/21     AC:  2    Str:  7    XL:     3   Next: 94%
Magic:  3/8        EV: 13    Int: 20    God:
Gold:   82         SH:  0    Dex: 15    Spells: 3 memorised, 2 levels left

rFire  . . .     SeeInvis .     v - +0 hunting sling (curse)
rCold  . . .     Gourm    .     a - +0 robe
rNeg   . . .     Faith    .     (no shield)
rPois  .         Spirit   .     (no helmet)
rElec  .         Dismiss  .     (no cloak)
rCorr  .         Reflect  .     (no gloves)
SustAt .         Harm     .     (no boots)
MR     .....                    (no amulet)
Stlth  ++........               (no ring)
                                (no ring)

@: not resistant to hostile enchantments, unstealthy
A: no striking features
a: no special abilities


You were on level 3 of the Dungeon.
You were not hungry.

You visited 1 branch of the dungeon, and saw 3 of its levels.

You collected 82 gold pieces.

Inventory:

Hand Weapons
 f - a +0 club
 j - a +0 club
 k - a +0 club
 m - a +0 club
 t - a +0 dagger
 v - a cursed +0 hunting sling (weapon)
Missiles
 e - 18 arrows
 i - 65 stones (quivered)
 p - 4 javelins
Armour
 a - a +0 robe (worn)
Scrolls
 g - 2 scrolls of amnesia {unknown}
 h - a scroll of blinking {unknown}
 n - 4 scrolls of identify {unknown}
 q - a scroll of remove curse {unknown}
 s - 2 scrolls of teleportation {unknown}
Potions
 c - a potion of mutation {unknown}
 d - a potion of degeneration {unknown}
 l - 3 potions of curing {unknown}
 o - 2 potions of cure mutation {unknown}
 r - 2 potions of haste {unknown}
 u - a potion of brilliance {unknown}
Books
 b - a book of Flames

   Spells                             Type                      Level
   a - Flame Tongue                   Conjuration/Fire             1
   b - Throw Flame                    Conjuration/Fire             2
   c - Conjure Flame                  Conjuration/Fire             3
   d - Inner Flame                    Hexes/Fire                   3
   e - Sticky Flame                   Conjuration/Fire             4
   f - Fireball                       Conjuration/Fire             5


   Skills:
 + Level 2.4 Dodging
 + Level 2.3 Stealth
 - Level 3.2 Spellcasting
 + Level 2.1 Conjurations
 * Level 0.2 Hexes
 - Level 3.7 Fire Magic


You had 2 spell levels left.
You knew the following spells:

 Your Spells              Type           Power        Failure   Level  Hunger
a - Flame Tongue          Conj/Fire      ###..        4%          1    None
b - Throw Flame           Conj/Fire      ###...       10%         2    ##.....
c - Inner Flame           Hex/Fire       ##......     21%         3    ###....


Dungeon Overview and Level Annotations

Branches:
Dungeon (3/15)

Altars:
Cheibriados
Qazlal


Message History

Casting: Inner Flame
Confirm with . or Enter, or press ? or * to list all spells.
Aiming: Throw Flame
Press: ? - help, Shift-Dir - straight line, f/p - giant cockroach
Aim: a giant cockroach (clinging, inner flame)
The puff of flame hits the giant cockroach.
The giant cockroach is severely wounded.
You see here a ruby potion.
d - a ruby potion
Found a dark potion.
Casting: Throw Flame
Confirm with . or Enter, or press ? or * to list all spells.
Aiming: Flame Tongue
Press: ? - help, Shift-Dir - straight line, f/p - giant cockroach
Aim: a giant cockroach (severely wounded, clinging, inner flame)
The flame tongue hits the giant cockroach.
The giant cockroach explodes!
The fiery explosion engulfs you!
Ouch! That really hurt!
You die...

....... ......#
.# ...... .#
#...######.#
.##..........#
......#......#
#.###.$...#...#
.#...§§@.<.....#
.....#§####..#.#
#.....§.......#
#.#...#.###.#...#
#.....#.# #.#.###
..... #.# #.#..
..!.. #.# #.##.#
.... #.# #.# ..
.... #.# #.# ###


There were no monsters in sight!

Vanquished Creatures
  2 adders (D:2)
  4 worms (D:2)
  3 dart slugs
  A giant gecko (D:2)
  A ball python (D:1)
  2 giant cockroaches
  3 goblins
  3 hobgoblins (D:1)
  4 kobolds
  2 bats
  2 giant newts (D:1)
  3 rats
30 creatures vanquished.

Notes
Turn   | Place    | Note
--------------------------------------------------------------
     0 | D:1      | Halspawn the High Elf Fire Elementalist began the quest for the Orb.
     0 | D:1      | Reached XP level 1. HP: 11/11 MP: 4/4
   388 | D:1      | Reached XP level 2. HP: 13/17 MP: 1/6
   465 | D:1      | Learned a level 2 spell: Throw Flame
   879 | D:1      | You fall through a shaft!
  1145 | D:2      | Reached XP level 3. HP: 21/21 MP: 2/8
  1509 | D:2      | Learned a level 3 spell: Inner Flame
  1950 | D:2      | Found a snail-covered altar of Cheibriados.
  1950 | D:2      | Found a stormy altar of Qazlal.
  2312 | D:3      | Killed from afar by a giant cockroach

Skill      XL: |  1  2  3 |
---------------+----------+-----
Conjurations   | 2 |  2.1
Spellcasting   | 3 |  3.2
Dodging        | |  2.4
Stealth        | |  2.3
Hexes          | |  0.2
Fire Magic     | |  3.7

Action                   || total
-------------------------++-------
Melee: Unarmed           ||    10
 Cast: Flame Tongue      ||    52
       Throw Flame       ||    27
       Inner Flame       ||     1
  Eat: Bread ration      ||     1
       Chunk             ||     1
Dodge: Dodged            ||     6
